 Dungeon Crawl Stone Soup version 0.27.0-1-g7a089689b8 (webtiles) character file.

Game seed: 16270986637883016112

424808 MisterFreud the Impregnable (level 23, -8/158 HPs)
             Began as a Gargoyle Fighter on Aug 2, 2021.
             Was the Champion of Okawaru.
             Killed from afar by a lich (52 damage)
             ... with a bolt of cold
             ... on level 2 of the Depths.
             The game lasted 01:50:44 (41005 turns).

MisterFreud the Impregnable (Gargoyle Fighter)     Turns: 41005, Time: 01:50:46

Health: -8/158     AC: 70    Str: 30    XL:     23   Next: 78%
Magic:  29/29      EV:  6    Int: 11    God:    Okawaru [******]
Gold:   4181       SH: 31    Dex: 12    Spells: 22/22 levels left

rFire    . . .     SeeInvis +   t - +7 double sword (elec)
rCold    x . .     Faith    .   c - +2 tower shield
rNeg     + + .     Spirit   .   S - +12 crystal plate armour "Cuzauc" {+Blink}
rPois    ∞         Reflect  +   R - +1 helmet {SInv}
rElec    +         Harm     .   j - +1 cloak of the Dungeon {Rampage Regen+ Str+4 Int-2}
rCorr    .         Rampage  +   h - +1 pair of gloves {Dex+3}
Will     +++..                  a - +2 pair of boots {rampage}
Stlth    ..........             F - amulet of reflection
HPRegen  1.36/turn              K - ring of Micwal {rC- rN+ Will+ Slay+2}
MPRegen  0.21/turn              y - ring of willpower

@: flying, studying 3 skills
A: sickness immunity, AC +17, big wings, negative energy resistance 1,
electricity resistance, torment resistance 1, petrification resistance
}: 2/15 runes: serpentine, barnacled
a: Renounce Religion, Evoke Blink, Heroism, Finesse


You were on level 2 of the Depths.
You worshipped Okawaru.
Okawaru was exalted by your worship.
You visited 9 branches of the dungeon, and saw 41 of its levels.
You also visited: Bailey and Ice Cave.

You collected 5459 gold pieces.
You spent 1278 gold pieces at shops.

Inventory:

Hand Weapons
 s - the +7 Singing Sword {vorpal, sonic wave}
   (You found it on level 5 of the Dungeon)

   It inflicts extra damage upon your enemies.
   It radiates damaging sonic waves as it strikes, especially in combat
   involving dangerous or numerous foes.
 t - a +7 double sword of electrocution (weapon)
 H - a +9 demon whip of electrocution
Missiles
 G - 8 throwing nets (quivered)
Armour
 a - a +2 pair of boots of rampaging (worn)
 c - a +2 tower shield (worn)
 h - a +1 pair of gloves of dexterity (worn)
 j - the +1 cloak of the Dungeon (worn) {Rampage Regen+ Str+4 Int-2}
   (Okawaru gifted it to you in an ice cave)

   Str:       It affects your strength (+4).
   Int:       It affects your intelligence (-2).
   Regen:     It increases your rate of health regeneration.
   Rampage:   It bestows one free step when moving towards enemies.
 R - a +1 helmet of see invisible (worn)
 S - the +12 crystal plate armour "Cuzauc" (worn) {+Blink}
   (Okawaru gifted it to you on level 2 of the Orcish Mines)

   +Blink:    It lets you blink.
Jewellery
 i - a ring of resist corrosion
 r - a +4 ring of protection
 w - the amulet "Timuisur" {Faith Int+2}
   (You took it off a deep elf demonologist on level 3 of the Elven Halls)

   [amulet of faith]

   It allows you to gain divine favour quickly.
   Int:       It affects your intelligence (+2).
 y - a ring of willpower (right hand)
 F - an amulet of reflection (around neck)
 K - the ring of Micwal (left hand) {rC- rN+ Will+ Slay+2}
   (You took it off a vault sentinel on level 1 of the Vaults)

   [ring of positive energy]

   Slay:      It affects your accuracy & damage with ranged weapons and melee
   (+2).
   rC:        It makes you vulnerable to cold.
   rN:        It protects you from negative energy.
   Will:      It increases your willpower.
Wands
 b - a wand of acid (25)
 u - a wand of digging (11)
 x - a wand of iceblast (44)
 B - a wand of flame (148)
 D - a wand of paralysis (45)
 I - a wand of charming (8)
 M - a wand of polymorph (30)
Scrolls
 g - a scroll of silence
 k - 14 scrolls of teleportation
 l - 5 scrolls of enchant armour
 n - a scroll of holy word
 v - 8 scrolls of fear
 O - 18 scrolls of identify
 P - 9 scrolls of magic mapping
 U - 6 scrolls of fog
 X - a scroll of amnesia
 Z - 5 scrolls of blinking
Potions
 d - 4 potions of brilliance
 e - 3 potions of might
 f - 13 potions of curing
 m - 3 potions of ambrosia
 o - 5 potions of invisibility
 q - 2 potions of berserk rage
 A - 4 potions of resistance
 C - 3 potions of magic
 E - 7 potions of haste
 J - 4 potions of mutation
 L - 9 potions of heal wounds
 Y - 4 potions of cancellation
Miscellaneous
 p - a phial of floods
 z - a condenser vane
 N - a piece from Xom's chessboard (15/15)
 Q - a lightning rod (4/4)
 T - a box of beasts
 V - a tin of tremorstones (2/2)
 W - a phantom mirror


   Skills:
 + Level 20.4 Fighting
 - Level 1.0(10.8) Short Blades
 - Level 15.9(16.0) Long Blades
 - Level 10.9 Maces & Flails
 - Level 22.0 Armour
 - Level 20.0 Shields
 - Level 8.0 Invocations
 - Level 10.0 Evocations


You had 22 spell levels left.
You didn't know any spells.
Your spell library contained the following spells:

 Spells                   Type           Power      Damage    Failure   Level
 Animate Skeleton         Necr           0%         N/A       99%         1
 Apportation              Tloc           0%         N/A       99%         1
 Beastly Appendage        Tmut           0%         N/A       99%         1
 Corona                   Hex            0%         N/A       99%         1
 Magic Dart               Conj           0%         1d3       99%         1
 Sandblast                Erth           0%         2d4       99%         1
 Summon Small Mammal      Summ           0%         N/A       99%         1
 Blink                    Tloc           N/A        N/A       100%        2
 Call Imp                 Summ           0%         N/A       100%        2
 Corpse Rot               Necr/Air       N/A        N/A       100%        2
 Passwall                 Tmut/Erth      0%         N/A       100%        2
 Slow                     Hex            0%         N/A       100%        2
 Static Discharge         Conj/Air       0%         N/A       100%        2
 Wereblood                Tmut           0%         N/A       100%        2
 Call Canine Familiar     Summ           0%         N/A       100%        3
 Confusing Touch          Hex            0%         N/A       100%        3
 Frozen Ramparts          Ice            0%         1d2       100%        3
 Gell's Gravitas          Tloc           0%         N/A       100%        3
 Inner Flame              Hex/Fire       0%         N/A       100%        3
 Lesser Beckoning         Tloc           0%         N/A       100%        3
 Mephitic Cloud           Conj/Pois/Air  0%         N/A       100%        3
 Ozocubu's Armour         Ice            0%         N/A       100%        3
 Spider Form              Tmut/Pois      0%         N/A       100%        3
 Stone Arrow              Conj/Erth      0%         3d7       100%        3
 Swiftness                Air            0%         N/A       100%        3
 Teleport Other           Tloc           0%         N/A       100%        3
 Vampiric Draining        Necr           0%         2d6       100%        3
 Airstrike                Air            0%         N/A       100%        4
 Animate Armour           Summ/Erth      0%         N/A       100%        4
 Animate Dead             Necr           0%         N/A       100%        4
 Cause Fear               Hex            0%         N/A       100%        4
 Dispel Undead            Necr           0%         3d6       100%        4
 Ice Form                 Ice/Tmut       0%         N/A       100%        4
 Passage of Golubria      Tloc           N/A        N/A       100%        4
 Petrify                  Tmut/Erth      0%         N/A       100%        4
 Summon Ice Beast         Ice/Summ       0%         N/A       100%        4
 Alistair's Intoxication  Tmut/Pois      0%         N/A       100%        5
 Borgnjor's Vile Clutch   Necr/Erth      0%         N/A       100%        5
 Irradiate                Conj/Tmut      0%         3d13      100%        5
 Iskenderun's Battlesphe  Conj           0%         2d6       100%        5
 Lee's Rapid Deconstruct  Erth           0%         3d5*      100%        5
 Lightning Bolt           Conj/Air       0%         1d11      100%        5
 Manifold Assault         Tloc           0%         N/A       100%        5
 Metabolic Englaciation   Hex/Ice        0%         N/A       100%        5
 Conjure Ball Lightning   Conj/Air       0%         3x3d6     100%        6
 Death Channel            Necr           0%         N/A       100%        6
 Dispersal                Tloc           0%         N/A       100%        6
 Eringya's Noxious Bog    Tmut/Pois      0%         N/A       100%        6
 Invisibility             Hex            0%         N/A       100%        6
 Iron Shot                Conj/Erth      0%         9d1       100%        6
 Simulacrum               Ice/Necr       0%         N/A       100%        6
 Monstrous Menagerie      Summ           0%         N/A       100%        7
 Ozocubu's Refrigeration  Ice            0%         4d5       100%        7
 Spellforged Servitor     Conj/Summ      0%         N/A       100%        7
 Storm Form               Tmut/Air       0%         N/A       100%        7
 Borgnjor's Revivificati  Necr           0%         N/A       100%        8
 Discord                  Hex            0%         N/A       100%        8
 Disjunction              Tloc           0%         N/A       100%        8
 Lehudib's Crystal Spear  Conj/Erth      0%         10d2      100%        8
 Maxwell's Capacitive Co  Air            0%         ∞         100%        8
 Necromutation            Tmut/Necr      0%         N/A       100%        8
 Chain Lightning          Conj/Air       0%         N/A       100%        9
 Death's Door             Necr           0%         N/A       100%        9
 Fire Storm               Conj/Fire      0%         5d1       100%        9
 Sublimation of Blood     Necr           Unusable   N/A       N/A         2
 Statue Form              Tmut/Erth      Unusable   N/A       N/A         6

Dungeon Overview and Level Annotations

Branches:
Dungeon (15/15)            Temple (1/1) D:6            Lair (6/6) D:8
 Shoals (4/4) Lair:2        Snake (4/4) Lair:4        Slime (0/5) Lair:5
    Orc (2/2) D:10            Elf (3/3) Orc:2        Vaults (4/5) D:13
  Crypt (0/3) Vaults:3     Depths (2/5) D:15         Bailey (visited)
  IceCv (visited)

Altars:
Ashenzari
Cheibriados
Dithmenos
Elyvilon
Fedhas
Gozag
Hepliaklqana
Kikubaaqudgha
Makhleb
Nemelex Xobeh
Okawaru
Qazlal
Ru
Sif Muna
Trog
Uskayaw
Vehumet
Wu Jian
Xom
Yredelemnul
Zin
The Shining One

Shops:
D:6 *   D:12 (   D:14 *   Orc:2 =:[(?*(:!   Snake:1 *   Vaults:3 *   Vaults:4 *
Depths:1 *

Portals:
Hell: Depths:1 Depths:2
Abyss: Depths:2
Pandemonium: Orc:2 Depths:1 Depths:2
Trove: Vaults:1 (give +4 ice dragon scales)

Annotations:
Lair:3 exclusion: 2 oklob plants
Elf:1 1 runed translucent door
Elf:2 1 runed translucent door
Vaults:4 3 runed translucent doors, Ukiefoc's ghost, adept DrFE
Depths:1 1 runed translucent door, exclusions: obsidian statue and 2 orange crystal statues


Innate Abilities, Weirdness & Mutations

You are immune to sickness and miasma.
Your stone body is resilient. (AC +17)
You are immune to poison.
Your large and strong wings let you fly.
You resist negative energy. (rN+)
You are resistant to electric shocks. (rElec)
You are resistant to unholy torment.
You are immune to petrification.


Message History

The tengu conjurer pecks you but does no damage.
You block the tengu conjurer's attack.
You slice the tengu conjurer!!
You kill the tengu conjurer!
Okawaru accepts your kill.
You slice the brown ugly thing!!
Lightning courses through the brown ugly thing!
The brown ugly thing is heavily wounded.
You slice the brown ugly thing!!
The brown ugly thing is almost dead.
You block the brown ugly thing's attack.
You slash the brown ugly thing!
The brown ugly thing is almost dead.
The brown ugly thing kicks you but does no damage.
You carve the brown ugly thing like a ham!!!
You kill the brown ugly thing!
Okawaru accepts your kill.
The lich casts a spell.
The lich flickers and vanishes for a moment.
You rampage towards the frost giant!
You hit the frost giant but do no damage.
You block the frost giant's attack.
You slash the frost giant!
The frost giant is lightly wounded.
The frost giant casts a spell at you.
The bolt of cold hits you but does no damage.
You slice the frost giant!!
The frost giant is heavily wounded.
The frost giant casts a spell at you. The bolt of cold hits you!!!!
You feel a terrible chill!
You completely miss the frost giant.
The frost giant is heavily wounded.
The frost giant casts a spell at you. The bolt of cold hits you!!!
You feel a terrible chill!
* * * LOW HITPOINT WARNING * * *
You completely miss the frost giant.
The frost giant is heavily wounded.
The lich casts a spell at you. The bolt of cold hits you!!!
You feel a terrible chill!
You die...

#........##...#.#.._._..#..
#........##...u.C...#......
#........##.).#.#.C_._..#
#........##...#*.#.....#.
#........##..L##..#C..#..#
######..##....##..#.#..#
#.(##..#C.##.....#..#
#......##LC#...L....#
#......###@#.###...# #..##..#
#)#.. .u.# #..##..# #[#.# .u#
#..##..# #.#.. ..# #..##..#
#.####### #..##..# #.......## #
#..##..###........## ##
#..##..............#######.
#######..##.......###..#.........


You could see a frost giant, a fire giant and 2 liches.

Vanquished Creatures
  Saint Roka (Vaults:4)
  Vashnia (Snake:4)
  A caustic shrike (Depths:2)
  Nikola (Snake:3)
  Jorgrun (D:12)
  A tentacled monstrosity (Vaults:1)
  Rupert (D:12)
  A lich (Depths:1)
  Asterion (Elf:2)
  2 deep elf blademasters (Elf:3)
  A titan (Vaults:4)
  2 deep elf master archers (Elf:3)
  5 sphinxes
  Donald (Elf:2)
  A shadow dragon (Vaults:1)
  3 fire giants
  6 nagarajas
  Ilsuiw (Shoals:2)
  6 deep elf sorcerers
  4 frost giants
  2 iron dragons (Vaults:1)
  6 deep elf elementalists
  Louise (Snake:3)
  11 vault wardens
  Aizul (Depths:1)
  3 war gargoyles
  A spriggan defender (Depths:2)
  18 ironbound preservers
  8 stone giants
  2 vampire knights
  2 entropy weavers (Vaults:1)
  9 deep elf demonologists
  4 dire elephants
  5 deep elf annihilators
  2 minotaurs (Shoals:4)
  3 crystal guardians
  3 merfolk impalers
  5 ettins
  5 deep elf death magi
  2 merfolk javelineers (Shoals:4)
  8 yaktaur captains
  Josephine (D:15)
  4 great orbs of eyes
  3 deep elf high priests
  5 fire dragons
  6 hydras
  A hell beast (Depths:1)
  Harold (D:7)
  18 naga warriors
  12 vault guards
  2 boulder beetles
  6 ice dragons
  3 peacekeepers
  A caustic shrike simulacrum (Depths:1)
  2 merfolk avatars (Shoals:4)
  5 rakshasas
  3 catoblepae
  12 centaur warriors
  13 ironbound thunderhulks
  A merfolk aquamancer (Shoals:3)
  12 ironbound frosthearts
  A two-headed ogre (D:12)
  An alligator snapping turtle (Shoals:1)
  6 anacondas
  13 satyrs
  4 tengu warriors
  A deep troll earth mage (Depths:2)
  31 dancing weapons
  3 vampire magi
  3 deep troll shamans (Depths:2)
  6 death yaks (Lair:6)
  8 ironbound beastmasters
  Urug (D:11)
  6 shock serpents
  A spriggan berserker (Depths:2)
  Sonja (Lair:5)
  A sun demon (Orc:2)
  5 orc high priests (Orc:2)
  20 naga sharpshooters
  17 deep elf knights
  2 sixfirhies
  An iron troll (Depths:2)
  2 salamander mystics (Snake:4)
  A torturous demonspawn (Orc:2)
  8 sea snakes
  2 flayed ghosts
  2 glowing orange brains (Depths:1)
  An infernal demonspawn (Depths:1)
  14 deep elf archers
  5 naga ritualists
  56 deep trolls
  A gelid demonspawn (Orc:2)
  A swamp dragon (Lair:6)
  9 wizards
  A tengu zombie (Depths:1)
  17 ironbound convokers
  6 orc knights
  9 lindwurms
  14 harpies
  5 necromancers
  25 deep elf zephyrmancers
  9 mana vipers
  8 orc sorcerers
  2 phantasmal warriors (Depths:1)
  A frost giant zombie (Depths:1)
  22 ugly things
  7 cyclopes
  31 deep elf pyromancers
  7 elephants (Lair:6)
  A sphinx skeleton (Depths:1)
  An oklob plant (Shoals:1)
  2 fire giant zombies (Depths:1)
  12 salamanders
  22 manticores
  20 fauns
  2 centaur zombies
  A rust devil (Orc:2)
  3 guardian serpents
  11 merfolk sirens
  14 naga magi
  4 torpor snails
  9 water nymphs
  An elf zombie (Vaults:3)
  20 vault sentinels
  13 cane toads
  37 black mambas
  An eye of devastation (shapeshifter) (Depths:2)
  Maggie (D:10)
  2 unseen horrors
  3 rime drakes
  2 yaktaurs (shapeshifter) (Vaults:1)
  18 yaktaurs
  An efreet (D:14)
  2 hellwings (Orc:2)
  3 tengu conjurers
  12 komodo dragons
  An anaconda simulacrum (IceCv)
  2 ice devils
  A red devil (Orc:2)
  4 polar bears
  23 merfolk
  8 trolls
  4 harpy zombies (Shoals:2)
  A jumping spider (Vaults:1)
  4 wind drakes
  24 blink frogs
  2 hornets (Lair:6)
  12 dream sheep
  36 slime creatures
  4 snapping turtles
  A deep troll zombie (Depths:1)
  A fire dragon zombie (Depths:1)
  A dream sheep (shapeshifter) (Vaults:1)
  A frost giant simulacrum (Vaults:3)
  A redback (Vaults:1)
  4 wyverns
  2 vampires
  A redback (shapeshifter) (Elf:1)
  12 water elementals
  2 shadows
  An air elemental (Elf:3)
  34 yaks
  4 wraiths (D:15)
  5 steam dragons
  A death yak simulacrum (IceCv)
  2 chaos spawn (Depths:1)
  3 basilisks
  7 vampire mosquitoes (D:12)
  A harpy simulacrum (IceCv)
  41 nagas
  20 water moccasins
  3 acid dragons (Lair:6)
  A swamp worm (shapeshifter) (Vaults:4)
  A meliai simulacrum (D:15)
  An ogre skeleton (Vaults:3)
  42 orc warriors
  2 ice beasts
  A swamp drake (D:10)
  A sky beast (D:7)
  A black bear (Lair:2)
  A manticore zombie (Shoals:2)
  5 boggarts
  3 ogres
  17 wolves
  8 centaurs
  3 phantoms
  Blork the orc (D:4)
  4 kobold brigands
  2 earth elementals (Elf:3)
  10 bullfrogs
  2 cane toad simulacra (IceCv)
  7 scorpions
  A human skeleton (Vaults:3)
  A water moccasin skeleton (D:4)
  A human simulacrum (Vaults:3)
  4 killer bees (D:10)
  An elephant simulacrum (IceCv)
  3 wights (D:9)
  13 electric eels
  2 howler monkeys (D:7)
  A bullfrog zombie (D:5)
  30 orc priests
  A bullfrog skeleton (D:5)
  6 hounds
  4 centaur skeletons
  Jessica (D:3)
  8 iguanas
  28 orc wizards
  A spriggan simulacrum (IceCv)
  A polar bear simulacrum (IceCv)
  A killer bee zombie (D:8)
  4 wolf simulacra (IceCv)
  A hound skeleton (D:5)
  2 howler monkey zombies
  A howler monkey skeleton (D:7)
  3 gnolls
  7 adders
  A naga simulacrum (IceCv)
  17 white imps
  2 ufetubi
  An adder skeleton (D:4)
  A worm (D:2)
  2 dart slugs (D:4)
  95 orcs
  9 ball pythons
  8 endoplasms
  4 giant cockroaches
  3 hobgoblins
  5 jackals
  29 kobolds
  12 bats
  2 frilled lizards
  4 goblins
  A jackal skeleton (D:4)
  5 rats
1583 creatures vanquished.

Vanquished Creatures (others)
  A naga warrior (Snake:4)
  A deep elf knight (Elf:1)
  A sea snake (Shoals:4)
  A deep elf zephyrmancer (Elf:1)
  2 deep elf pyromancers
  A naga mage (Snake:4)
  44 fungi
  189 plants
240 creatures vanquished.

Grand Total: 1823 creatures vanquished

Notes
Turn   | Place    | Note
-------+----------+-------------------------------------------
     0 | D:1      | MisterFreud the Gargoyle Fighter began the quest for the
                  | Orb.
     0 | D:1      | Reached XP level 1. HP: 14/14 MP: 1/1
   344 | D:1      | Reached XP level 2. HP: 19/19 MP: 2/2
  1116 | D:1      | Reached XP level 3. HP: 23/23 MP: 3/3
  1608 | D:2      | Found a faded altar of an unknown god.
  2342 | D:3      | Reached XP level 4. HP: 28/28 MP: 4/4
  2633 | D:3      | Noticed Jessica
  2642 | D:3      | Killed Jessica
  2897 | D:3      | Reached skill level 5 in Maces & Flails
  2897 | D:3      | Reached XP level 5. HP: 25/32 MP: 5/5
  3113 | D:5      | Entered Level 5 of the Dungeon
  3411 | D:5      | Reached XP level 6. HP: 12/37 MP: 6/6
  3904 | D:4      | Found a basalt altar of Yredelemnul.
  4189 | D:4      | Noticed an orc warrior
  4190 | D:4      | Identified the +1 leather armour "Gycwauj" {Stlth+}
  4430 | D:5      | Reached XP level 7. HP: 29/41 MP: 7/7
  4684 | D:5      | Found an ornate altar of the Wu Jian Council.
  5103 | D:5      | Found a shimmering altar of Xom.
  5150 | D:4      | Noticed Blork the orc
  5161 | D:4      | Killed Blork the orc
  5467 | D:5      | Reached skill level 4 in Armour
  5467 | D:5      | Reached XP level 8. HP: 14/48 MP: 8/8
  5926 | D:5      | Found a radiant altar of Vehumet.
  5926 | D:5      | Found a faded altar of an unknown god.
  5934 | D:5      | Found a faded altar of an unknown god.
  5942 | D:5      | Found a glowing golden altar of the Shining One.
  5944 | D:5      | Found a bloodstained altar of Trog.
  6145 | D:5      | Found the +7 Singing Sword {vorpal, sonic wave}
  6380 | D:5      | Found a shimmering blue altar of Sif Muna.
  6382 | D:5      | Found an opulent altar of Gozag.
  6415 | D:5      | Reached skill level 1 in Long Blades
  7078 | D:6      | Reached skill level 5 in Long Blades
  7078 | D:6      | Reached XP level 9. HP: 47/52 MP: 9/9
  7151 | D:6      | Found Tigaw's General Store.
  7159 | D:6      | Bought a scroll of fear for 45 gold pieces
  7245 | D:6      | Found a blossoming altar of Fedhas.
  7351 | D:6      | Found a staircase to the Ecumenical Temple.
  7372 | Temple   | Entered the Ecumenical Temple
  7379 | Temple   | Became a worshipper of Warmaster Okawaru
  7854 | D:4      | Reached skill level 1 in Invocations
  7950 | D:4      | Found an ancient bone altar of Kikubaaqudgha.
  8422 | D:7      | Got the Tome of the Twisted Entourage
  8606 | D:7      | You fall into a shaft and drop 2 floors!
  8798 | D:9      | Reached * piety under Okawaru
  9185 | D:9      | Reached XP level 10. HP: 58/58 MP: 10/13
  9190 | D:9      | Reached ** piety under Okawaru
  9217 | D:9      | Found a flagged portal.
  9226 | Bailey   | Entered a bailey
  9573 | D:8      | Found a white marble altar of Elyvilon.
  9718 | D:8      | Noticed a manticore
  9727 | D:8      | Killed a manticore
  9814 | D:8      | Reached skill level 10 in Long Blades
  9924 | D:8      | Found a staircase to the Lair.
  9955 | D:8      | Reached *** piety under Okawaru
 10160 | D:8      | Reached skill level 5 in Armour
 10735 | D:7      | Noticed Harold
 10744 | D:7      | Killed Harold
 10744 | D:7      | Reached **** piety under Okawaru
 10745 | D:7      | Reached skill level 5 in Fighting
 10745 | D:7      | Reached skill level 5 in Shields
 11171 | D:10     | Entered Level 10 of the Dungeon
 11216 | D:10     | Noticed Maggie
 11253 | D:9      | Reached XP level 11. HP: 53/64 MP: 14/14
 11314 | D:10     | Killed Maggie
 11520 | D:10     | Reached skill level 6 in Armour
 11527 | D:10     | Reached ***** piety under Okawaru
 11648 | D:10     | Reached skill level 1 in Evocations
 11842 | D:10     | Found a staircase to the Orcish Mines.
 12541 | D:11     | Noticed Urug
 12549 | D:11     | Killed Urug
 12550 | D:11     | Reached skill level 5 in Invocations
 12804 | Lair:1   | Entered Level 1 of the Lair of Beasts
 12824 | Lair:1   | Reached skill level 7 in Armour
 13313 | Lair:1   | Reached ****** piety under Okawaru
 13663 | Lair:2   | Reached XP level 12. HP: 50/72 MP: 16/16
 13855 | Lair:2   | Found a frozen archway.
 13884 | IceCv    | Entered an ice cave
 13889 | IceCv    | Reached skill level 8 in Armour
 14076 | IceCv    | HP: 1/73 [anaconda simulacrum (30)]
 14089 | IceCv    | Identified the +1 cloak of the Dungeon {Rampage Regen+
                  | Str+4 Int-2} (Okawaru gifted it to you in an ice cave)
 14089 | IceCv    | Received a gift from Okawaru
 14644 | Lair:2   | Found a staircase to the Shoals.
 14897 | Lair:3   | Reached skill level 5 in Evocations
 14928 | Lair:3   | Found a hazy altar of Hepliaklqana.
 14976 | Lair:3   | Reached skill level 9 in Armour
 15223 | Lair:3   | Reached XP level 13. HP: 80/80 MP: 19/19
 15511 | Lair:3   | Received a gift from Okawaru
 16047 | Lair:3   | Identified the +1 ring mail "Wugesigi" {+Inv rElec SInv}
 16453 | Lair:4   | Found a staircase to the Snake Pit.
 16464 | Lair:4   | Reached skill level 10 in Armour
 16522 | Lair:4   | Reached skill level 10 in Fighting
 17048 | Lair:5   | Identified the +1 leather armour "Hakkal" {+Blink rN+ Will+
                  | Str+4}
 17161 | Lair:6   | Entered Level 6 of the Lair of Beasts
 17192 | Lair:6   | Reached skill level 10 in Shields
 17197 | Lair:6   | Reached skill level 1 in Short Blades
 17634 | Lair:5   | Found a staircase to the Slime Pits.
 17687 | Lair:5   | Noticed Sonja
 17693 | Lair:5   | Killed Sonja
 17693 | Lair:5   | Received a gift from Okawaru
 18091 | Lair:6   | Gained mutation: Your large and strong wings let you fly.
                  | [Gargoyle growth]
 18091 | Lair:6   | Reached XP level 14. HP: 90/90 MP: 17/20
 18542 | Lair:6   | Received a gift from Okawaru
 19309 | D:12     | Noticed Rupert
 19326 | D:12     | Killed Rupert
 19326 | D:12     | Received a gift from Okawaru
 19482 | D:12     | Found Kogom's Weapon Shoppe.
 19500 | D:12     | Noticed Jorgrun
 19510 | D:12     | Killed Jorgrun
 19510 | D:12     | Received a gift from Okawaru
 20056 | D:13     | Found a gate to the Vaults.
 20064 | D:13     | Reached XP level 15. HP: 98/100 MP: 21/21
 20558 | D:14     | Found a shimmering blue altar of Sif Muna.
 20730 | D:14     | Received a gift from Okawaru
 20742 | D:14     | Found Loboil's Assorted Antiques.
 20762 | D:14     | Bought a scroll of teleportation for 84 gold pieces
 20943 | D:14     | You are sucked into a shaft and drop 1 floor!
 20943 | D:15     | Entered Level 15 of the Dungeon
 21518 | D:15     | Reached skill level 15 in Fighting
 21527 | D:15     | Found a staircase to the Depths.
 21545 | D:15     | Noticed Josephine
 21553 | D:15     | Killed Josephine
 21997 | Orc:1    | Entered Level 1 of the Orcish Mines
 22526 | Orc:2    | Entered Level 2 of the Orcish Mines
 22527 | Orc:2    | Found Ovvemis's Antique Weapon Boutique.
 22528 | Orc:2    | Found Cipieh's Antique Weapon Emporium.
 22647 | Orc:2    | Found Keurgh's Book Emporium.
 22831 | Orc:2    | Found Liashryic's Distillery.
 22835 | Orc:2    | Found a staircase to the Elven Halls.
 22850 | Orc:2    | Bought 2 potions of berserk rage for 130 gold pieces
 22850 | Orc:2    | Bought a potion of heal wounds for 65 gold pieces
 22850 | Orc:2    | Bought 2 potions of heal wounds for 130 gold pieces
 22850 | Orc:2    | Bought a potion of cancellation for 104 gold pieces
 22957 | Orc:2    | Found Cicaof's General Store.
 22958 | Orc:2    | Found Guecamabb's Magic Scroll Boutique.
 23013 | Orc:2    | Identified the +12 crystal plate armour "Cuzauc" {+Blink}
                  | (Okawaru gifted it to you on level 2 of the Orcish Mines)
 23013 | Orc:2    | Received a gift from Okawaru
 23021 | Orc:2    | Reached skill level 15 in Long Blades
 23039 | Orc:2    | Reached XP level 16. HP: 49/110 MP: 20/22
 23139 | Orc:2    | Found Urin Xass's Book Shoppe.
 23139 | Orc:2    | Found Seisearr's Antique Armour Emporium.
 23140 | Orc:2    | Found a one-way gate leading to the halls of Pandemonium.
 23186 | Orc:2    | Bought a potion of haste for 170 gold pieces
 23186 | Orc:2    | Bought a potion of heal wounds for 85 gold pieces
 23188 | Orc:2    | Bought a scroll of enchant weapon for 105 gold pieces
 23188 | Orc:2    | Bought a scroll of blinking for 105 gold pieces
 23188 | Orc:2    | Bought a scroll of teleportation for 42 gold pieces
 23188 | Orc:2    | Bought a scroll of teleportation for 42 gold pieces
 23188 | Orc:2    | Bought a scroll of teleportation for 42 gold pieces
 23434 | Orc:2    | Found Ruduonip's Jewellery Emporium.
 23776 | Snake:1  | Entered Level 1 of the Snake Pit
 23881 | Snake:1  | Found Eherr's Assorted Antiques.
 23888 | Snake:1  | Bought a scroll labelled UCITYNA SUEB for 21 gold pieces
 24479 | Snake:2  | Reached skill level 11 in Armour
 24987 | Snake:3  | Received a gift from Okawaru
 24997 | Snake:3  | Reached skill level 12 in Armour
 25000 | Snake:3  | Noticed a nagaraja
 25005 | Snake:3  | Killed a nagaraja
 25191 | Snake:3  | Reached XP level 17. HP: 111/116 MP: 18/23
 25374 | Snake:3  | Noticed Louise
 25388 | Snake:3  | Killed Louise
 25689 | Snake:3  | Received a gift from Okawaru
 25818 | Snake:3  | Noticed Nikola
 25832 | Snake:3  | Killed Nikola
 25833 | Snake:3  | Reached skill level 13 in Armour
 25979 | Snake:4  | Entered Level 4 of the Snake Pit
 26078 | Snake:4  | Noticed Vashnia
 26103 | Snake:4  | Killed Vashnia
 26104 | Snake:4  | Reached skill level 14 in Armour
 26252 | Snake:4  | Received a gift from Okawaru
 26253 | Snake:4  | Reached skill level 15 in Armour
 26277 | Snake:4  | Reached XP level 18. HP: 120/125 MP: 24/24
 26349 | Snake:4  | Got a serpentine rune of Zot
 26869 | Shoals:1 | Entered Level 1 of the Shoals
 27291 | Shoals:2 | Reached skill level 16 in Armour
 27298 | Shoals:2 | Received a gift from Okawaru
 27461 | Shoals:2 | Identified the +6 rapier of Fortitude {spect, rElec rN+}
 27949 | Shoals:2 | Noticed Ilsuiw
 27970 | Shoals:2 | Killed Ilsuiw
 28069 | Shoals:3 | Received a gift from Okawaru
 28075 | Shoals:3 | Reached skill level 17 in Armour
 28280 | Shoals:4 | Entered Level 4 of the Shoals
 28467 | Shoals:4 | Reached XP level 19. HP: 100/132 MP: 25/25
 28482 | Shoals:4 | Identified the +3 mace "Xufunt" {antimagic, +Rage rC+
                  | Str-2} (Okawaru gifted it to you on level 4 of the Shoals)
 28482 | Shoals:4 | Received a gift from Okawaru
 28510 | Shoals:4 | Reached skill level 18 in Armour
 28642 | Shoals:4 | Got a barnacled rune of Zot
 29468 | Vaults:1 | Entered Level 1 of the Vaults
 29670 | Vaults:1 | Received a gift from Okawaru
 29859 | Vaults:1 | Reached skill level 19 in Armour
 30232 | Vaults:1 | Found a portal to a secret trove of treasure.
 30632 | Vaults:1 | Reached XP level 20. HP: 124/140 MP: 26/26
 30671 | Vaults:1 | Received a gift from Okawaru
 30700 | Vaults:1 | Identified the ring of Micwal {rC- rN+ Will+ Slay+2}
 30729 | Vaults:1 | Identified the +9 dagger of Conservatism {flame, rElec
                  | Int+6}
 31337 | Vaults:1 | Got the Grimoire of Flight and Companions
 31475 | Vaults:2 | Reached skill level 20 in Armour
 32213 | Vaults:2 | Identified the +7 mace "Ogutt" {vorpal, rC- rN+++ MP+9
                  | Str-2} (Okawaru gifted it to you on level 2 of the Vaults)
 32213 | Vaults:2 | Received a gift from Okawaru
 33128 | Vaults:3 | Identified the +4 short sword "Kavinitai" {antimagic, rF+
                  | rN+ rCorr} (Okawaru gifted it to you on level 3 of the
                  | Vaults)
 33128 | Vaults:3 | Received a gift from Okawaru
 33152 | Vaults:3 | Found Bikkil's General Store.
 33311 | Vaults:3 | Reached XP level 21. HP: 146/146 MP: 27/27
 33479 | Vaults:3 | Reached skill level 10 in Maces & Flails
 33598 | Vaults:3 | Received a gift from Okawaru
 33745 | Vaults:3 | Found a staircase to the Crypt.
 33745 | Vaults:3 | Found an ancient bone altar of Kikubaaqudgha.
 33745 | Vaults:3 | Found a basalt altar of Yredelemnul.
 33842 | Vaults:3 | Reached skill level 10 in Evocations
 33921 | Vaults:3 | Reached skill level 21 in Armour
 33988 | Vaults:3 | Identified the +3 dagger of the Saviour {venom, rC+ Int+3
                  | Stlth+}
 34115 | Vaults:4 | Received a gift from Okawaru
 34334 | Vaults:4 | Identified the +5 whip "Grim Tooth" {freeze, rC+ Str+4}
 34505 | Vaults:4 | Noticed Saint Roka
 34521 | Vaults:4 | Received a gift from Okawaru
 34534 | Vaults:4 | Killed Saint Roka
 34758 | Vaults:4 | Found Tooll's General Store.
 35011 | Vaults:4 | Received a gift from Okawaru
 35078 | Vaults:4 | Found a runed translucent gate.
 35079 | Vaults:4 | Found a runed translucent gate.
 35079 | Vaults:4 | Found a runed translucent gate.
 35080 | Vaults:4 | Noticed Ukiefoc's ghost (adept DrFE)
 35467 | Elf:1    | Entered Level 1 of the Elven Halls
 35467 | Elf:1    | Found a runed translucent gate.
 35467 | Elf:1    | Found a runed translucent gate.
 35467 | Elf:1    | Found a runed translucent gate.
 35467 | Elf:1    | Found a runed translucent gate.
 35467 | Elf:1    | Found a runed translucent gate.
 35467 | Elf:1    | Found a runed translucent gate.
 35469 | Elf:1    | Found a runed translucent door.
 35479 | Elf:1    | Found a runed translucent door.
 35600 | Elf:1    | Identified the +9 great sword of the Shore {venom, rC-
                  | Str+6}
 35605 | Elf:1    | Reached XP level 22. HP: 146/152 MP: 28/28
 35760 | Elf:1    | Reached skill level 22 in Armour
 36444 | Elf:2    | Found a runed translucent door.
 36547 | Elf:2    | Found a runed translucent gate.
 36547 | Elf:2    | Found a runed translucent gate.
 36547 | Elf:2    | Found a runed translucent gate.
 36553 | Elf:2    | Received a gift from Okawaru
 36785 | Elf:2    | Noticed Asterion
 36798 | Elf:2    | Killed Asterion
 37094 | Elf:2    | Noticed Donald
 37115 | Elf:2    | Killed Donald
 37163 | Elf:2    | Reached skill level 15 in Shields
 37524 | Elf:3    | Entered Level 3 of the Elven Halls
 38182 | Elf:3    | Received a gift from Okawaru
 38344 | Elf:3    | Identified the +6 scythe "Hydraslayer" {vorpal, rElec rF++
                  | Str+3 Dex-5}
 38507 | Elf:3    | Identified the +0 robe "Goxiqeso" {rElec rPois MP-9 Slay+4}
 38597 | Elf:3    | Reached XP level 23. HP: 156/156 MP: 29/29
 38599 | Elf:3    | Identified the ring "Keiwk" {Fire Will+ Str+4 Dex+2 Slay-2}
 38663 | Elf:3    | Identified the +3 lajatang "X" {drain, rN+ rCorr Str+10
                  | Stlth-}
 38663 | Elf:3    | Identified the amulet "Timuisur" {Faith Int+2}
 38822 | Elf:3    | Received a gift from Okawaru
 38853 | Elf:3    | Identified the ring "Syzulai" {Int+6 Dex+4}
 39314 | Depths:1 | Entered Level 1 of the Depths
 39446 | Depths:1 | Found Komp's General Store.
 39460 | Depths:1 | Noticed Aizul
 39475 | Depths:1 | Killed Aizul
 39584 | Depths:1 | You are sucked into a shaft and drop 1 floor!
 39665 | Depths:1 | Found a snail-covered altar of Cheibriados.
 39734 | Depths:1 | Bought 2 scrolls of teleportation for 108 gold pieces
 39784 | Depths:1 | Found a gateway to Hell.
 39846 | Depths:1 | Found the ring of the Mage {Wiz Will++ Int+3}
 39847 | Depths:1 | Found a runed translucent door.
 39918 | Depths:1 | Identified a scroll of acquirement
 39919 | Depths:1 | Acquired a manual of Maces & Flails
 39928 | Depths:1 | Received a gift from Okawaru
 40833 | Depths:2 | Found a one-way gate to the infinite horrors of the Abyss.
 40909 | Depths:2 | Found an opulent altar of Gozag.
 40910 | Depths:2 | Found a shadowy altar of Dithmenos.
 40911 | Depths:2 | Found an iron altar of Okawaru.
 40911 | Depths:2 | Found a glowing silver altar of Zin.
 40913 | Depths:2 | Identified the +1 leather armour of Bright Freedom {+Blink
                  | Int+4}
 40915 | Depths:2 | Noticed a caustic shrike
 40928 | Depths:2 | Killed a caustic shrike
 40969 | Depths:2 | Received a gift from Okawaru
 40979 | Depths:2 | Identified the ring of Gin and Tonic {rPois Str+5 Int+4
                  | SInv}
 41005 | Depths:2 | Killed from afar by a lich

Illustrated notes

Levels and vault maps discovered:
D:1:      amcnicky_arrival_choice, layout_basic, minmay_pentomino_o2
D:2:      layout_basic, hellmonk_ecumenical_altar_arch_garden
D:3:      layout_rooms, minmay_large_rounded_square, minivault_25, uniq_jessica
D:4:      layout_basic, kennysheep_mini, mainiacjoe_overflow_surrounded_room,
          small_statue_intersection, uniq_blork_the_orc
D:5:      old_forge, layout_loops_ring, nicolae_wu_jian_wuxing_cycle,
          chequers_temple_overflow_minitemple, nicolae_overflow_hidden_temple,
          amcnicky_mini_pool_small
D:6:      layout_cave_pools, general_overflow_altar, minmay_temple_entry_mist,
          serial_shops, nicolae_shop_trees
D:7:      layout_basic, chequers_serial_rivers_large_a, minivault_19,
          uniq_harold
D:8:      layout_basic, mainiacjoe_overflow_alcove_1, erik_lair_island
D:9:      layout_roguey [special_room_orc], enter_bailey_8
D:10:     layout_cave_pools, erik_orc_1, uniq_maggie
D:11:     layout_basic, kennysheep_cluttered_room, uniq_urug
D:12:     layout_basic, serial_shops, nicolae_shop_stone, uniq_rupert,
          uniq_jorgrun
D:13:     layout_roguey, david_vaults_1, serial_park_tiny_2
D:14:     layout_loops_ring, serial_bayou_pond_a, serial_shops,
          nicolae_square_shop, nicolae_sif_muna_little_library
D:15:     grunt_enter_depths_magical_seal, layout_irregular_city,
          kennysheep_crisscross, uniq_josephine
Temple:   minmay_freezing_vapour_temple
Lair:1:   layout_roguey, columned_hall_lemuel, grunt_forest_small_clearings
Lair:2:   layout_big_grid, minmay_shoals_entry_hut, portal_ice_cave_entry_imps,
          grunt_megastairs_2
Lair:3:   layout_cave_pods, basic_altar, pond, minmay_lair_oklob_chamber
Lair:4:   layout_cave_pods, guppyfry_snake_entry_garden,
          infiniplex_staircase_pool_2
Lair:5:   layout_hall_layers, dpeg_slime_entry_corner, st_stairs_4, uniq_sonja
Lair:6:   guppyfry_lair_end_dragon, layout_loops_ring, hangedman_lair_in_review,
          lemuel_fruit_tree
Shoals:1: layout_shoals, nicolae_shoals_circle_sea_wall,
          nicolae_shoals_stone_sculpture_thing, dpeg_stationary_puzzle
Shoals:2: layout_shoals, nicolae_shoals_undead_eyrie, uniq_ilsuiw
Shoals:3: layout_shoals
Shoals:4: shoals_end_hellmonk_lost_city, serial_shops
Snake:1:  layout_gridlike, serial_shops, shop
Snake:2:  layout_onion_interference
Snake:3:  layout_onion, uniq_louise, uniq_nikola
Snake:4:  snake_pit, layout_basic, uniq_vashnia
Orc:1:    nicolae_orc_accident_1, layout_diamond_mine
Orc:2:    pf_orc_diabolical, layout_diamond_mine, serial_shops,
          nicolae_shop_stone, shop, nicolae_lakefront_shop, shop_fountains, shop
Elf:1:    nicolae_elf_arrival_dilemma, layout_loops_cross,
          hangedman_elven_crosses_minicolossus
Elf:2:    elven_hall_of_blades_hangedman_original [nicolae_blade_bullseye],
          layout_onion_city, minivault_13, uniq_asterion, uniq_donald
Elf:3:    grunt_elf_hall_asides, layout_loops_corners
Vaults:1: nicolae_vaults_what_the_h, st_greater_box_4,
          nicolae_vaults_circle_grid_b, hangedman_vaults_variations,
          hangedman_vaults_stagger, nicolae_vaults_specimen_jars,
          vaults_room_corners, dpeg_vaults_monster_box,
          layout_vaults_chaotic_city, nicolae_trove_entry_diagonal
Vaults:2: vaults_room_door_hall, ontoclasm_vaults_decontamination,
          v_alt_pattern_2, hangedman_vaults_trim, ontoclasm_vaults_chip,
          nicolae_vaults_mini_display_case, layout_vaults_omnigrid
Vaults:3: v_misc_13, v_misc_19, minmay_crypt_entry_necro_gods,
          nicolae_vaults_rhombus_6, vaults_mumra_minichess,
          hangedman_vaults_pinch, nicolae_vaults_hallways_thing,
          nicolae_vaults_angled_halls, nicolae_vaults_meeting,
          ontoclasm_vaults_bender, layout_vaults_ring, serial_shops, shop
Vaults:4: gammafunk_vaults_ghost_necromancy, nicolae_vaults_triangles,
          nicolae_vaults_ninety_degrees, nicolae_vaults_asterisk,
          hangedman_vaults_nails, nicolae_vaults_an_arrangement,
          layout_vaults_omnibox, serial_shops, shop, uniq_saint_roka
Depths:1: layout_cave_shapes, serial_shops, shop, pf_coc_iceberg,
          rand_demon_pan_entry_3, cheibriados_altar_1,
          minmay_guarded_unrand_mage, serial_bayou_shore_b, uniq_aizul
Depths:2: minmay_the_grid_octo_tiled_squarecenter_mashed
          [minmay_the_grid_octo_pinwheel, minmay_the_grid_octo_clover,
          minmay_the_grid_octo_odd_swirl, minmay_the_grid_octo_shrine,
          minmay_the_grid_square_5x5_megaprize_open,
          minmay_the_grid_square_5x5_forky,
          minmay_the_grid_square_5x5_three_small,
          minmay_the_grid_square_5x5_hourglass, minmay_the_grid_square_5x5_meh],
          layout_long_grid, grunt_pan_entry_sceptre, abyss_entry,
          minmay_misc_feat_square, hell_entry, okawaru_altar_gauntlet_db

Skill      XL: |  1  2  3  4  5  6  7  8  9 10 11 12 13 14 15 16 17 18 19 20 21 22 23 |
---------------+----------------------------------------------------------------------+-----
Maces & Flails | 3 4 5 6 7 8 9 10 | 10.9
Fighting       | 4 5 7 9 11 13 15 16 18 19 20 | 20.4
Armour         | 4 5 7 9 10 12 15 17 19 20 21 22 | 22.0
Shields        | 4 5 6 7 10 12 17 20 | 20.0
Long Blades    | 5 8 10 11 13 15 | 15.9
Invocations    | 4 6 8 |  8.0
Evocations     | 3 5 7 9 10 | 10.0
Short Blades   | 1 |  1.0

Action                   |  1- 3 |  4- 6 |  7- 9 | 10-12 | 13-15 | 16-18 | 19-21 | 22-24 || total
-------------------------+-------+-------+-------+-------+-------+-------+-------+-------++-------
Melee: Flail             |   101 |   145 |   217 |       |       |       |       |       ||   463
       Double sword      |       |       |   147 |   427 |   658 |   814 |  1112 |   848 ||  4006
       Morningstar       |       |       |       |       |    39 |       |       |       ||    39
Throw: Dart              |       |     5 |    18 |       |       |       |       |       ||    23
       Boomerang         |       |       |       |       |     4 |       |       |       ||     4
Invok: Heroism           |       |       |     1 |    10 |    15 |    12 |    26 |    16 ||    80
       Finesse           |       |       |       |       |     3 |     2 |     3 |     2 ||    10
Evoke: Lightning rod     |       |       |       |       |     3 |       |       |       ||     3
       Condenser vane    |       |       |       |       |       |     1 |     2 |     2 ||     5
       Wand              |       |       |       |       |       |       |       |     2 ||     2
       Tin of tremorston |       |       |       |       |       |       |       |     1 ||     1
  Use: Scroll            |     4 |     5 |     7 |     8 |     1 |     2 |    13 |     2 ||    42
       Potion            |       |     1 |     1 |     1 |     2 |       |     1 |       ||     6
 Stab: Petrified         |       |       |       |       |     2 |       |       |       ||     2
       Invisible         |       |       |       |       |     3 |       |       |       ||     3
Armor: Scale mail        |    62 |    79 |    33 |       |       |       |       |       ||   174
       Plate armour      |       |       |   208 |   287 |   290 |    14 |       |       ||   799
       Crystal plate arm |       |       |       |       |       |   474 |   580 |   416 ||  1470
Dodge: Dodged            |    30 |    35 |    82 |    97 |   127 |   124 |   137 |   122 ||   754
Block: Kite shield       |    46 |    65 |   248 |   272 |   509 |   765 |   468 |       ||  2373
       Reflection        |       |       |       |       |    38 |   119 |    77 |    92 ||   326
       Tower shield      |       |       |       |       |       |       |   543 |  1029 ||  1572
       Rpst.: Double sword |       |       |     8 |    29 |    20 |    15 |    24 |     9 ||   105
